[Event "M.Chigorin Memorial 2013"]
[Site "St. Petersburg"]
[Date "2013.10.11"]
[Round "7.2"]
[White "Areshchenko, Alexander"]
[Black "Kokarev, Dmitry"]
[Result "1/2-1/2"]
[ECO "C42"]
[WhiteElo "2714"]
[BlackElo "2611"]
[PlyCount "120"]
[EventDate "2013.10.05"]
[TimeControl "6000+1045"]
[WhiteClock "0:19:20"]
[BlackClock "0:10:05"]

1. e4 e5 2. Nf3 Nf6 3. Nc3 Bb4 4. Nxe5 O-O 5. Nd3 Bxc3 6. dxc3 Nxe4 7. Be3 d6
8. Qf3 Qh4 9. g3 Qe7 10. Bg2 Nf6 11. O-O-O Qe6 12. Bd4 Ng4 13. Kb1 Nc6 14. Nf4
Qe7 15. Rhe1 Nge5 16. Qe4 Qd8 17. Nd5 Nxd4 18. cxd4 Ng6 19. h4 c6 20. Nc3 d5
21. Qf3 Ne7 22. g4 Ng6 23. h5 Nh4 24. Qg3 Nxg2 25. Qxg2 Qh4 26. f3 Bd7 27. Rh1
Qg5 28. Qg3 Rae8 29. Qc7 Bc8 30. Rhf1 h6 31. a3 f5 32. f4 Qe7 33. Qxe7 Rxe7 34.
g5 hxg5 35. fxg5 f4 36. Rf2 Bg4 37. Rh1 f3 38. Ka2 Rf4 39. Rh4 Rxd4 40. h6 gxh6
41. gxh6 Rf4 42. Rf1 Kh7 43. Nd1 d4 44. b3 Ref7 45. Nf2 Be6 46. Rh5 Bf5 47. Nh3
Bxh3 48. Rxh3 f2 49. Rh2 c5 50. a4 b6 51. Kb2 a6 52. Kc1 b5 53. axb5 axb5 54.
Kd2 c4 55. bxc4 bxc4 56. Ke2 Re7+ 57. Kd1 Ref7 58. Ke2 c3 59. Kd3 Rf8 60. Kc4
R8f6 1/2-1/2

[Event "M.Chigorin Memorial 2013"]
[Site "St. Petersburg"]
[Date "2013.10.11"]
[Round "7.3"]
[White "Zhigalko, Andrey"]
[Black "Zhigalko, Sergei"]
[Result "1/2-1/2"]
[ECO "C68"]
[WhiteElo "2615"]
[BlackElo "2683"]
[PlyCount "29"]
[EventDate "2013.10.05"]
[TimeControl "6000"]
[WhiteClock "1:36:11"]
[BlackClock "1:36:31"]

1. e4 e5 2. Nf3 Nc6 3. Bb5 a6 4. Bxc6 dxc6 5. O-O Bg4 6. h3 h5 7. c3 Qd3 8.
hxg4 hxg4 9. Nxe5 Bd6 10. Nxd3 Bh2+ 11. Kh1 Be5+ 12. Kg1 Bh2+ 13. Kh1 Be5+ 14.
Kg1 Bh2+ 15. Kh1 1/2-1/2

[Event "M.Chigorin Memorial 2013"]
[Site "St. Petersburg"]
[Date "2013.10.11"]
[Round "7.4"]
[White "Zvjaginsev, Vadim"]
[Black "Korneev, Oleg"]
[Result "1/2-1/2"]
[ECO "D10"]
[WhiteElo "2659"]
[BlackElo "2622"]
[PlyCount "98"]
[EventDate "2013.10.05"]
[TimeControl "6000+1345"]
[WhiteClock "0:30:22"]
[BlackClock "0:02:46"]

1. d4 d5 2. c4 c6 3. e3 Nf6 4. Bd3 e5 5. Nc3 e4 6. Bc2 Bd6 7. f3 O-O 8. fxe4
Nxe4 9. Nf3 f5 10. cxd5 Nxc3 11. bxc3 cxd5 12. O-O Nc6 13. Bb3 Be6 14. e4 fxe4
15. Ng5 Qe7 16. Re1 h6 17. Nxe6 Qxe6 18. Qh5 Rf5 19. Qh3 Raf8 20. Be3 Qf7 21.
g3 Na5 22. Bd1 h5 23. Kh1 Nc4 24. Bg1 g6 25. Be2 b5 26. a4 b4 27. cxb4 Bxb4 28.
Rf1 a5 29. Rxf5 Qxf5 30. Qxf5 Rxf5 31. Rc1 Bd2 32. Rd1 e3 33. Rb1 Na3 34. Rb2
Bc1 35. Rb6 Kg7 36. Rc6 Bd2 37. Kg2 Rf6 38. Rxf6 Kxf6 39. Bd3 Nc4 40. Kf3 g5
41. h3 g4+ 42. hxg4 hxg4+ 43. Ke2 Bc1 44. Bc2 Ke6 45. Bd3 Bd2 46. Bc2 Bc3 47.
Bxe3 Nxe3 48. Kxe3 Be1 49. Kf4 Bf2 1/2-1/2

[Event "M.Chigorin Memorial 2013"]
[Site "St. Petersburg"]
[Date "2013.10.11"]
[Round "7.5"]
[White "Khismatullin, Denis"]
[Black "Belous, Vladimir"]
[Result "1-0"]
[ECO "D20"]
[WhiteElo "2656"]
[BlackElo "2554"]
[PlyCount "85"]
[EventDate "2013.10.05"]
[TimeControl "5400+1200"]
[WhiteClock "0:31:27"]
[BlackClock "0:26:01"]

1. d4 d5 2. c4 dxc4 3. e4 e5 4. Nf3 Bb4+ 5. Nc3 exd4 6. Qxd4 Qxd4 7. Nxd4 Ne7
8. Bf4 O-O 9. Bxc4 c6 10. O-O-O Nd7 11. a3 Bxc3 12. bxc3 Nb6 13. Bb3 Re8 14.
Rhe1 Bd7 15. a4 Ng6 16. Bg3 c5 17. a5 cxd4 18. axb6 Bc6 19. cxd4 Bxe4 20. f3
Rec8+ 21. Kb2 Bf5 22. bxa7 Rxa7 23. Ra1 Rxa1 24. Rxa1 Ne7 25. Ra7 Be6 26. Rxb7
Bxb3 27. Kxb3 Nc6 28. Kc3 Ne7+ 29. Kd3 Nd5 30. Ke4 Nc3+ 31. Kd3 Nd5 32. Rb5 Rd8
33. Bd6 Nf6 34. Be7 Re8 35. Bxf6 gxf6 36. Rf5 Kg7 37. g4 Re1 38. h4 Rh1 39. h5
Ra1 40. Kc4 Ra6 41. Kb5 Rd6 42. Kc5 Ra6 43. d5 1-0

[Event "M.Chigorin Memorial 2013"]
[Site "St. Petersburg"]
[Date "2013.10.11"]
[Round "7.6"]
[White "Solak, Dragan"]
[Black "Kovalenko, Igor"]
[Result "1/2-1/2"]
[ECO "B13"]
[WhiteElo "2611"]
[BlackElo "2644"]
[PlyCount "60"]
[EventDate "2013.10.05"]
[TimeControl "6000+965"]
[WhiteClock "0:44:55"]
[BlackClock "1:00:07"]

1. e4 c6 2. d4 d5 3. exd5 cxd5 4. c4 Nf6 5. Nc3 Nc6 6. Nf3 Bg4 7. cxd5 Nxd5 8.
Qb3 Bxf3 9. gxf3 Nb6 10. d5 Nd4 11. Bb5+ Nd7 12. Qa4 Nxb5 13. Qxb5 g6 14. O-O
Bg7 15. Re1 O-O 16. Bg5 Bxc3 17. bxc3 f6 18. Bf4 Rf7 19. Rad1 b6 20. Qe2 Rc8
21. c4 Nc5 22. Bc1 Qd7 23. Ba3 Qa4 24. Bxc5 Rxc5 25. Rd4 Qd7 26. Re4 Rc7 27.
Re6 Qa4 28. Re4 Qd7 29. Re6 Qa4 30. Re4 Qd7 1/2-1/2

[Event "M.Chigorin Memorial 2013"]
[Site "St. Petersburg"]
[Date "2013.10.11"]
[Round "7.7"]
[White "Bukavshin, Ivan"]
[Black "Demchenko, Anton"]
[Result "1-0"]
[ECO "B35"]
[WhiteElo "2553"]
[BlackElo "2632"]
[PlyCount "93"]
[EventDate "2013.10.05"]
[TimeControl "6000+1350"]
[WhiteClock "0:33:45"]
[BlackClock "0:22:41"]

1. e4 c5 2. Nf3 Nc6 3. Nc3 g6 4. d4 cxd4 5. Nxd4 Bg7 6. Be3 Nf6 7. Bc4 O-O 8.
Bb3 d6 9. f3 Bd7 10. h4 Na5 11. h5 Nxb3 12. axb3 Nxh5 13. Qd2 Ng3 14. Rh2 f5
15. Bh6 Bxh6 16. Rxh6 fxe4 17. Qg5 Nf5 18. Nxf5 Rxf5 19. Rxg6+ Kh8 20. Qh6 Qf8
21. Nxe4 Qxh6 22. Rxh6 Bc6 23. Nd2 a6 24. Kf2 Rg8 25. Rah1 Rg7 26. R1h5 Rxh5
27. Rxh5 Rg8 28. b4 Rc8 29. c3 Be8 30. Rh1 Bf7 31. Ne4 Kg7 32. Ke3 h6 33. g4
Bg6 34. f4 Be8 35. Rh4 Ra8 36. Ng3 Bd7 37. f5 Be8 38. Ne4 a5 39. g5 hxg5 40.
Nxg5 Kg8 41. Rh7 Bd7 42. Rxe7 Bxf5 43. b5 Rb8 44. b6 Bg6 45. Kd4 Be8 46. Ne4
Bc6 47. Nxd6 1-0

[Event "M.Chigorin Memorial 2013"]
[Site "St. Petersburg"]
[Date "2013.10.11"]
[Round "7.8"]
[White "Popov, Valerij"]
[Black "Alekseev, Evgeny"]
[Result "1/2-1/2"]
[ECO "B30"]
[WhiteElo "2548"]
[BlackElo "2707"]
[PlyCount "41"]
[EventDate "2013.10.05"]
[TimeControl "6000+2315"]
[WhiteClock "0:16:50"]
[BlackClock "0:13:59"]

1. Nf3 c5 2. e4 Nc6 3. Bb5 e6 4. Bxc6 bxc6 5. d3 Ne7 6. Qe2 d5 7. b3 Ng6 8. Bb2
Bd6 9. e5 Bc7 10. Nbd2 f6 11. O-O O-O 12. g3 d4 13. Nc4 Ba6 14. Ba3 Qd5 15.
Rae1 Rae8 16. Qe4 Rf7 17. h4 Nf8 18. Qe2 Ng6 19. Qe4 Nf8 20. Qe2 Ng6 21. Qe4
1/2-1/2

[Event "M.Chigorin Memorial 2013"]
[Site "St. Petersburg"]
[Date "2013.10.11"]
[Round "7.9"]
[White "Akopian, Vladimir"]
[Black "Bernadskiy, Vitaliy"]
[Result "0-1"]
[ECO "B12"]
[WhiteElo "2684"]
[BlackElo "2527"]
[PlyCount "66"]
[EventDate "2013.10.05"]
[TimeControl "6000+1500"]
[WhiteClock "0:10:11"]
[BlackClock "0:54:50"]

1. e4 c6 2. d4 d5 3. e5 c5 4. dxc5 Nc6 5. Nf3 Bg4 6. c3 e6 7. Be3 Bxf3 8. Qxf3
Nxe5 9. Bb5+ Nc6 10. O-O Nf6 11. c4 a6 12. Ba4 Rc8 13. Rd1 Qa5 14. Nc3 dxc4 15.
Qf4 Be7 16. Qxc4 O-O 17. a3 Ne5 18. Qf4 Ng6 19. Qf3 Qc7 20. b4 Nh4 21. Qf4 Qxf4
22. Bxf4 Ng6 23. Bg3 b6 24. c6 b5 25. Nxb5 axb5 26. Bxb5 Nd5 27. Rac1 f5 28. f3
Bg5 29. Ba6 Bxc1 30. Rxc1 Ra8 31. Bb7 Rxa3 32. c7 Nxc7 33. Bxc7 Ra7 0-1

[Event "M.Chigorin Memorial 2013"]
[Site "St. Petersburg"]
[Date "2013.10.11"]
[Round "7.10"]
[White "Lintchevski, Daniil"]
[Black "Romanov, Evgeny"]
[Result "1/2-1/2"]
[ECO "B06"]
[WhiteElo "2532"]
[BlackElo "2654"]
[PlyCount "86"]
[EventDate "2013.10.05"]
[TimeControl "6000+850"]
[WhiteClock "0:25:58"]
[BlackClock "0:23:55"]

1. e4 g6 2. d4 Bg7 3. g3 c5 4. d5 d6 5. c4 b5 6. cxb5 Nf6 7. Nc3 a6 8. bxa6 O-O
9. Nge2 Bxa6 10. Nf4 Qb6 11. Bxa6 Qxa6 12. Qe2 Nbd7 13. Qxa6 Rxa6 14. Ke2 Rb8
15. Rb1 Nb6 16. f3 Nfd7 17. Bd2 Na4 18. Nxa4 Rxa4 19. b4 c4 20. Rhc1 Nb6 21.
Ke1 Rxa2 22. Ne2 e6 23. Be3 exd5 24. Bxb6 Rxb6 25. exd5 c3 26. b5 Rb2 27. Ra1
Rb8 28. Ra4 f5 29. Kf1 Re8 30. Nxc3 Rxh2 31. Nd1 Rh1+ 32. Kg2 Rhe1 33. f4 h5
34. b6 Rb8 35. Rb1 Re7 36. Kf3 Reb7 37. Rab4 Kf8 38. Ne3 Bc3 39. Rb5 Bd4 40.
Nc4 Bc5 41. Re1 Ra8 42. Reb1 Ra4 43. Na5 Rxb6 1/2-1/2

[Event "M.Chigorin Memorial 2013"]
[Site "St. Petersburg"]
[Date "2013.10.11"]
[Round "7.11"]
[White "Khairullin, Ildar"]
[Black "Baron, Tal"]
[Result "1/2-1/2"]
[ECO "A05"]
[WhiteElo "2651"]
[BlackElo "2473"]
[PlyCount "158"]
[EventDate "2013.10.05"]
[TimeControl "6000+1335"]
[WhiteClock "0:01:22"]
[BlackClock "0:18:55"]

1. Nf3 Nf6 2. c4 g6 3. Nc3 d5 4. cxd5 Nxd5 5. Qb3 Nb6 6. d4 Bg7 7. e4 O-O 8.
Be3 Bg4 9. Rd1 e6 10. Be2 Nc6 11. Ng1 Bxe2 12. Ngxe2 Qe7 13. O-O Rfd8 14. e5 h6
15. Ne4 Qb4 16. Qc2 a5 17. Rc1 a4 18. Nc5 Nd5 19. a3 Qb5 20. Nc3 Nxc3 21. bxc3
Na5 22. c4 Qe8 23. Ne4 Nb3 24. Rcd1 Qe7 25. c5 Rd7 26. Qc4 Qd8 27. Nc3 Na5 28.
Qb5 Ra7 29. Qxa4 Nc6 30. Qb3 Na5 31. Qc2 Nc6 32. Qb3 Na5 33. Qc2 Nc6 34. Nb5
Ra8 35. Rd2 Ne7 36. Rfd1 Nf5 37. a4 Qh4 38. Nc3 Rad8 39. Qe4 Qxe4 40. Nxe4 Ra8
41. Ra1 Rad8 42. Rad1 Ra8 43. Rb1 b6 44. cxb6 cxb6 45. Rxb6 Rxa4 46. Rb1 Rd8
47. Rbd1 Ra3 48. Re1 Ra4 49. Kf1 Rc4 50. Red1 Rd5 51. Ng3 Ne7 52. Ne2 g5 53.
Rc1 Rxc1+ 54. Nxc1 f6 55. exf6 Bxf6 56. Nb3 Nf5 57. g4 Ne7 58. Rc2 Rb5 59. Nc5
Rb1+ 60. Kg2 Kf7 61. Ne4 Rd1 62. Rd2 Rxd2 63. Nxd2 Nc6 64. Nb3 e5 65. dxe5 Nxe5
66. h3 Kg6 67. Bd4 Nd7 68. Ba7 h5 69. f3 Be5 70. Kf2 Nf8 71. Ke3 Ne6 72. Ke4
Bg3 73. Be3 Bf4 74. Bf2 Bh2 75. Ba7 Bc7 76. Be3 Bf4 77. Nc5 Nxc5+ 78. Bxc5 hxg4
79. hxg4 Bb8 1/2-1/2

[Event "M.Chigorin Memorial 2013"]
[Site "St. Petersburg"]
[Date "2013.10.11"]
[Round "7.12"]
[White "Sjugirov, Sanan"]
[Black "Can, Emre"]
[Result "1-0"]
[ECO "B50"]
[WhiteElo "2635"]
[BlackElo "2513"]
[PlyCount "142"]
[EventDate "2013.10.05"]
[TimeControl "6000+1185"]
[WhiteClock "0:02:48"]
[BlackClock "0:18:28"]

1. e4 c5 2. Nf3 d6 3. c3 Nf6 4. Be2 Nbd7 5. d3 b6 6. Nbd2 Bb7 7. O-O g6 8. d4
cxd4 9. cxd4 Bg7 10. e5 dxe5 11. dxe5 Nd5 12. e6 fxe6 13. Ng5 Nc7 14. Qb3 Nc5
15. Qh3 h6 16. Ngf3 Qd7 17. Nb3 O-O-O 18. Nxc5 bxc5 19. Be3 e5 20. Qg3 e4 21.
Ne5 Bxe5 22. Qxe5 Qd6 23. Qxc5 Qxc5 24. Bxc5 Kb8 25. Rfd1 Nd5 26. Bd4 Rhf8 27.
Bg7 Rg8 28. Be5+ Ka8 29. Rd4 e6 30. Rc1 Rgf8 31. Rxe4 Nc3 32. Re3 Nxe2+ 33.
Rxe2 Rc8 34. Rxc8+ Rxc8 35. f3 Bd5 36. Bg7 h5 37. a3 Kb7 38. Kf2 Kc6 39. Kg3
Kd7 40. Kf4 Ke7 41. Kg5 Kf7 42. Bc3 Bc4 43. Re4 Rc5+ 44. Kh6 Bd3 45. Rb4 Rb5
46. Ra4 Rb7 47. Rd4 Bb1 48. g4 hxg4 49. fxg4 Rc7 50. h3 Bc2 51. Rd8 Ke7 52. Rd2
Bb1 53. Rd1 Be4 54. Bb4+ Kf6 55. Bc3+ Kf7 56. Rd4 Bb1 57. h4 Ke8 58. Rd6 Ke7
59. Rd1 Be4 60. Rd4 Bc2 61. Rf4 Ke8 62. Rf6 Ke7 63. Rf2 Bb1 64. Bb4+ Kd7 65.
Rf7+ Kc6 66. Rxc7+ Kxc7 67. h5 gxh5 68. gxh5 Kc6 69. Kg7 Kd5 70. h6 Kc4 71. Bc3
Kd5 1-0